 Dungeon Crawl Stone Soup version 0.31.0-11-ge490571c62 (webtiles) character file.

Game seed: 15289651701131037459

6935 Arcadio the Zephyrmancer (level 10, -11/69 HPs)
             Began as a Yellow Draconian Air Elementalist on Jan 29, 2024.
             Was a Believer of Sif Muna.
             Mangled by a two-headed ogre
             ... wielding a +0 giant club
              (23 damage)
             ... on level 10 of the Dungeon.
             The game lasted 00:23:26 (13075 turns).

Arcadio the Zephyrmancer (DrAE)                    Turns: 13075, Time: 00:23:27

Health: -11/69     AC:  9    Str: 10    XL:     10   Next: 80%
Magic:  4/23       EV: 15    Int: 19    God:    Sif Muna [**....]
Gold:   195        SH:  0    Dex: 13    Spells: 15/27 levels left

rFire   . . .        f - +2 dagger (venom)
rCold   . . .        (no shield)
rNeg    . . .        (body armour unavailable)
rPois   .            (helmet restricted)
rElec   .            (no cloak)
rCorr   +            D - +0 pair of gloves
SInv    +            A - +0 pair of boots
Will    .....        (no amulet)
Stlth   ++           d - ring of resist corrosion
HPRegen 0.31/turn    E - ring of see invisible
MPRegen 0.18/turn

%: no passive effects
@: lethally poisoned (-11 -> -13), swift, quick
A: spit acid, AC +7, unfitting armour, cold-blooded, acid resistance
a: Breathe Acid, Renounce Religion, Channel Magic


You were on level 10 of the Dungeon.
You worshipped Sif Muna.
Sif Muna was pleased with you.
You visited 1 branch of the dungeon, and saw 10 of its levels.

You collected 420 gold pieces.
You spent 225 gold pieces at shops.

Inventory:

Hand Weapons
 b - a +0 quarterstaff
 c - a +2 short sword of draining
 f - a +2 dagger of venom (weapon)
 w - a +0 whip of flaming
 y - a +2 scimitar of flaming
 C - a +0 bardiche
Armour
 A - a +0 pair of boots (worn)
 D - a +0 pair of gloves (worn)
Jewellery
 d - a ring of resist corrosion (left hand)
 E - a ring of see invisible (right hand)
Wands
 q - a wand of flame (18)
 s - a wand of charming (14)
 t - a wand of quicksilver (23)
 v - a wand of roots (10)
 H - a wand of polymorph (6)
 I - a wand of digging (7)
Scrolls
 e - a scroll of vulnerability {unknown}
 j - a scroll of fear {unknown}
 k - 2 scrolls of immolation {unknown}
 l - 3 scrolls of teleportation
 m - 3 scrolls of identify {unknown}
 n - a scroll of summoning {unknown}
 o - 2 scrolls of blinking {unknown}
 x - a scroll of enchant weapon {unknown}
 B - a scroll of revelation {unknown}
 F - a scroll of noise {unknown}
 G - a scroll of poison {unknown}
Potions
 a - a potion of brilliance {unknown}
 g - a potion of enlightenment {unknown}
 h - a potion of heal wounds {unknown}
 i - a potion of lignification {unknown}
 p - 2 potions of attraction {unknown}
 r - 2 potions of cancellation {unknown}
 u - a potion of might {unknown}
 z - a potion of mutation {unknown}
 J - a potion of resistance {unknown}


   Skills:
 + Level 8.1 Dodging
 - Level 1.7 Stealth
 + Level 9.1 Spellcasting
 - Level 4.6 Conjurations
 + Level 10.0 Air Magic


You had 15 spell levels left.
You knew the following spells:

 Your Spells              Type           Power      Damage    Failure   Level
a - Shock                 Conj/Air       100%       1d9       1%          1
b - Static Discharge      Conj/Air       72%        3-6/arc   1%          2
c - Swiftness             Air            46%        N/A       1%          3
d - Airstrike             Air            23%        2d(4-20)  1%          4
e - Ensorcelled Hibernat  Hex/Ice        16%        N/A       12%         2

Your spell library contained the following spells:

 Spells                   Type           Power      Damage    Failure   Level
 Sandblast                Erth           16%        2d6       9%          1
 Stone Arrow              Conj/Erth      34%        3d9       10%         3
 Sublimation of Blood     Necr           8%         N/A       12%         2
 Passwall                 Erth           8%         N/A       24%         3
 Brom's Barrelling Bould  Conj/Erth      17%        2d4       30%         4
 Animate Dead             Necr           8%         N/A       63%         4
 Petrify                  Alch/Erth      8%         N/A       63%         4
 Irradiate                Conj/Alch      8%         3d14      65%         5
 Borgnjor's Vile Clutch   Necr/Erth      4%         N/A       92%         5
 Death Channel            Necr           4%         N/A       100%        6


Dungeon Overview and Level Annotations

Branches:
Dungeon (10/15)            Temple (0/1) D:5
   Lair: D:8-11         Orc: D:9-12

Altars:
Elyvilon
Hepliaklqana
Kikubaaqudgha
Okawaru
Ru
Sif Muna
Wu Jian
Xom
Yredelemnul

Shops:
D:1 [   D:8 *

Annotations:
D:6 1 runed translucent door, Yehuk's ghost, novice GrFi
D:7 1 runed translucent door, Shym's ghost, novice SpHs
D:10 4 transporters


Innate Abilities, Weirdness & Mutations

You can spit globs of acid.
Your golden yellow scales are hard. (AC +7)
You cannot fit into any form of body armour.
You are cold-blooded and may be slowed by cold attacks.
You are resistant to acid. (rCorr)


Message History

The killer bee stings you.
You are poisoned.
The killer bee poisons you!
You feel very sick. The killer bee stings you.
You are more poisoned.
The killer bee poisons you!
You feel very sick. The killer bee stings you.
You see here a +0 ring mail.
You feel very sick.
The killer bee attacks as it pursues you!
The killer bee stings you. The killer bee misses you.
You feel sick. The killer bee barely misses you.
You feel sick. The killer bee closely misses you.
Okay, then.
Okay, then.
Okay, then.
Casting: Airstrike (dangerous; 1% risk of failure)
Confirm with . or Enter, or press ? or * to list all spells.
Aiming: Shock (safe; 1% risk of failure)
Press: ? - help, Shift-Dir - straight line, f - killer bee
Aim: a killer bee (48% to hit)
The zap misses the killer bee.
The zap hits the two-headed ogre but does no damage.
The zap hits the orc warrior but does no damage.
You feel sick.
The killer bee stings you but does no damage.
The killer bee barely misses you.
You feel sick.
The killer bee attacks as it pursues you!
The killer bee stings you! The killer bee closely misses you.
Casting: Shock (safe; 1% risk of failure)
Confirm with . or Enter, or press ? or * to list all spells.
You feel quick.
You feel sick. The killer bee closely misses you.
The killer bee stings you but does no damage.
The two-headed ogre hits you with a +0 giant club!
* * * LOW HITPOINT WARNING * * *
The two-headed ogre hits you with a +0 giant club!!
You die...

#~...≈.~.~.~.~.≈.~.~.~.≈#
#.
###.##########.##########
## ####.## #.# ########
......# #.## #.......
......# #..# #.......
......# #..# ## ##.......
......# #..# .+ #........
......# #..#..# #........
......# #.@#..# #.#......
......#
#Oy#..#####.#.####.
......#
#.o#K.....#.#.####.
####.##
#..#......#.#.....< #.#
..#####.[#####$.#.#.#####
#.#
.....O#..#......#........
#.# ......#..#.....
#.....### #.#
####..#..#..#####........
#.#
.....#..#......####'#.#.


You could see a two-headed ogre, an orc warrior and a killer bee.

Vanquished Creatures
  A tengu warrior (D:8)
  Pikel (D:8)
  Maurice (D:8)
  Jeremiah (D:8)
  Maggie (D:8)
  A kobold demonologist (D:10)
  A troll (D:10)
  A wraith (D:9)
  4 yaks
  A wyvern (D:7)
  Grum (D:8)
  3 vampire mosquitoes (D:10)
  3 orc warriors (D:9)
  Pargi (D:3)
  A black bear (D:6)
  3 ogres
  3 wolves
  2 centaurs
  3 lemures
  A phantom (D:4)
  A kobold brigand (D:10)
  2 bullfrogs
  6 scorpions
  4 killer bees (D:9)
  2 howler monkeys (D:9)
  4 electric eels
  3 jellies
  A gnoll bouda (D:7)
  8 orc priests
  5 hounds
  A sleepcap (D:6)
  An iguana (D:6)
  10 orc wizards
  3 gnolls (D:7)
  7 adders
  2 white imps
  2 ufetubi (D:6)
  4 dart slugs
  A ribbon worm (D:2)
  36 orcs
  5 ball pythons
  4 bats
  3 endoplasms
  3 giant cockroaches
  2 hobgoblins
  3 jackals (D:2)
  3 quokkas
  2 frilled lizards
  8 goblins
  8 kobolds
  6 rats
184 creatures vanquished.

Vanquished Creatures (others)
  A human (D:9)
1 creature vanquished.

Grand Total: 185 creatures vanquished

Notes
Turn   | Place    | Note
-------+----------+-------------------------------------------
     0 | D:1      | Arcadio the Draconian Air Elementalist began the quest for
                  | the Orb.
     0 | D:1      | Reached XP level 1. HP: 14/14 MP: 3/3
   309 | D:1      | Reached XP level 2. HP: 20/20 MP: 1/5
   468 | D:1      | Found Zibbeuwn's Armour Emporium.
   731 | D:1      | Learned a level 2 spell: Static Discharge
  1135 | D:2      | Reached XP level 3. HP: 25/26 MP: 6/6
  1309 | D:2      | Learned a level 3 spell: Swiftness
  1971 | D:3      | Noticed Pargi
  1989 | D:3      | Killed Pargi
  1990 | D:3      | Reached skill level 4 in Air Magic
  1990 | D:3      | Reached XP level 4. HP: 18/33 MP: 0/8
  1990 | D:3      | Reached XP level 5. HP: 21/38 MP: 0/9
  2131 | D:3      | Found a shimmering blue altar of Sif Muna.
  2137 | D:3      | Became a worshipper of Sif Muna the Loreminder
  2301 | D:3      | Learned a level 4 spell: Airstrike
  2611 | D:4      | Reached XP level 6. HP: 32/45 MP: 2/11
  2966 | D:4      | Reached skill level 5 in Air Magic
  3135 | D:5      | Entered Level 5 of the Dungeon
  3139 | D:5      | Your scales start taking on a golden yellow colour.
  3139 | D:5      | Reached XP level 7. HP: 25/50 MP: 0/13
  3139 | D:5      | Gained mutation: You are resistant to acid. (rCorr) [Yellow
                  | Draconian growth]
  3371 | D:5      | Found a staircase to the Ecumenical Temple.
  3386 | D:5      | Reached * piety under Sif Muna
  3908 | D:5      | Found a basalt altar of Yredelemnul.
  4254 | D:6      | Reached skill level 5 in Spellcasting
  4256 | D:6      | Reached skill level 6 in Air Magic
  4256 | D:6      | Reached XP level 8. HP: 57/57 MP: 1/15
  4454 | D:5      | Learned a level 2 spell: Ensorcelled Hibernation
  4775 | D:6      | Found a runed translucent door.
  5705 | D:6      | Found a hazy altar of Hepliaklqana.
  6106 | D:6      | Noticed Yehuk's ghost (novice GrFi)
  6449 | D:7      | Found a runed translucent door.
  6449 | D:7      | Found a shimmering altar of Xom.
  6449 | D:7      | Noticed Shym's ghost (novice SpHs)
  6450 | D:7      | Noticed a +1 dagger of chaos
  6712 | D:7      | Reached skill level 7 in Air Magic
  7428 | D:7      | Reached XP level 9. HP: 62/62 MP: 13/18
  7494 | D:8      | Noticed Grum
  7501 | D:7      | Reached skill level 5 in Dodging
  7642 | D:7      | Reached ** piety under Sif Muna
  7794 | D:8      | Killed Grum
  8077 | D:8      | Noticed Pikel
  8514 | D:8      | Noticed Jeremiah
  8517 | D:8      | Killed Jeremiah
  8518 | D:8      | Reached skill level 8 in Air Magic
  8716 | D:8      | Noticed Maggie
  8725 | D:8      | Killed Maggie
  8947 | D:8      | Found an iron altar of Okawaru.
  8994 | D:8      | Killed Pikel
  8996 | D:8      | Found Zamy's Assorted Antiques.
  9092 | D:8      | Bought a pair of boots for 135 gold pieces
  9092 | D:8      | Bought a scroll of teleportation for 90 gold pieces
  9126 | D:8      | Noticed a tengu warrior
  9133 | D:8      | Killed a tengu warrior
  9134 | D:8      | Reached XP level 10. HP: 69/69 MP: 0/22
  9426 | D:8      | Noticed Maurice
  9444 | D:8      | Killed Maurice
  9445 | D:8      | Reached skill level 9 in Air Magic
  9559 | D:9      | Found the +9 scales of the Dragon King {rPois rF+ rC+
                  | Will+}
  9696 | D:9      | Found an ancient bone altar of Kikubaaqudgha.
 10541 | D:9      | Found a sacrificial altar of Ru.
 10599 | D:9      | Found an ornate altar of the Wu Jian Council.
 10797 | D:9      | Found a white marble altar of Elyvilon.
 10872 | D:10     | Entered Level 10 of the Dungeon
 12552 | D:10     | Found a transporter.
 12569 | D:10     | Found a transporter.
 12574 | D:10     | Found a transporter.
 12777 | D:10     | Reached skill level 10 in Air Magic
 12912 | D:10     | Found a transporter.
 13032 | D:10     | Noticed a two-headed ogre
 13047 | D:10     | Noticed a two-headed ogre
 13075 | D:10     | Mangled by a two-headed ogre

Illustrated notes

Levels and vault maps discovered:
D:1:      co_arrival_square_in_a_square_in_a_square, layout_basic, serial_shops,
          shop, skrybe_limestone_x
D:2:      layout_basic, uniq_terence
D:3:      layout_rooms, led_sif_pool, nicolae_figureground_pulse, uniq_pargi
D:4:      layout_basic, mainiacjoe_overflow_alcove_4
D:5:      layout_basic, general_overflow_altar, temple_statues
D:6:      layout_basic, worldfamousw_hep_ancestral_shrine,
          nicolae_overflow_hidden_temple, ebering_ghost_reflecting_pool,
          minmay_tree_intersection
D:7:      cheibrodos_helix_gallery, layout_rooms, ebering_ghost_xom,
          kennysheep_generic_room_11
D:8:      layout_cave_pools, mainiacjoe_overflow_alcove_1, serial_shops, shop,
          uniq_jeremiah, uniq_grum, uniq_maurice, uniq_maggie, uniq_pikel
D:9:      layout_rooms, nicolae_wu_jian_wuxing_cycle, tgw_kikubaaqudgha,
          lemuel_coloured_pillars_altar, mainiacjoe_overflow_surrounded_room
D:10:     kennysheep_windowed_halls, layout_basic, nicolae_diode_intersection

Skill      XL: |  1  2  3  4  5  6  7  8  9 10 |
---------------+-------------------------------+-----
Conjurations   | 2 3 4 |  4.6
Spellcasting   | 3 4 5 6 8 9 |  9.1
Air Magic      | 4 5 6 7 8 10 | 10.0
Dodging        | 3 4 6 8 |  8.1
Stealth        | |  1.7

Action                     |  1- 3 |  4- 6 |  7- 9 | 10-12 || total
---------------------------+-------+-------+-------+-------++-------
  Melee: Unarmed           |     4 |       |       |       ||     4
         Tailslap          |     4 |     2 |     6 |     2 ||    14
         Short sword       |    26 |       |       |       ||    26
         Dagger            |    29 |    36 |    30 |    20 ||   115
   Cast: Shock             |    38 |    14 |   149 |    38 ||   239
         Static Discharge  |     3 |    18 |    41 |    34 ||    96
         Airstrike         |       |     1 |    32 |    27 ||    60
         Swiftness         |       |     1 |       |     1 ||     2
Ability: Breathe Acid      |       |       |     1 |       ||     1
  Evoke: Wand              |       |       |     1 |       ||     1
    Use: Scroll            |       |       |     1 |       ||     1
         Potion            |       |       |     1 |       ||     1
   Stab: Sleeping          |     3 |       |       |       ||     3
 Armour: Skin              |    40 |    51 |   110 |    91 ||   292
  Dodge: Dodged            |    47 |    33 |    66 |    73 ||   219
